 Dungeon Crawl Stone Soup version 0.25-a0-353-ged6d54792d (webtiles) character file.

Game seed: 7928125823169828925, levelgen mode: deterministic

254 BritishOli the Skirmisher (level 5, -2/42 HPs)
             Began as a Demonspawn Fighter on Jan 2, 2020.
             Slain by Grinder (6 damage)
             ... while paralysed by Grinder
             ... on level 3 of the Dungeon.
             The game lasted 00:03:20 (2831 turns).

BritishOli the Skirmisher (Demonspawn Fighter)      Turns: 2831, Time: 00:03:21

Health: -2/42      AC:  9    Str: 22    XL:     5   Next: 90%
Magic:  5/5        EV:  2    Int: 10    God:
Gold:   211        SH:  0    Dex: 12    Spells: 4/4 levels left

rFire    . . .     SeeInvis .   a - +0 long sword
rCold    . . .     Gourm    .   c - +0 shield
rNeg     . . .     Faith    .   r - +2 leather armour {rPois}
rPois    +         Spirit   .   i - +2 helmet
rElec    .         Reflect  .   h - +0 cloak
rCorr    .         Harm     .   (no gloves)
MR       .....                  (no boots)
Stlth    +.........             (no amulet)
HPRegen  0.14/turn              (no ring)
MPRegen  0.09/turn              (no ring)

@: paralysed, mighty
A: claws 1, spiny 1
a: no special abilities


You were on level 3 of the Dungeon.
You were not hungry.

You visited 1 branch of the dungeon, and saw 4 of its levels.

You collected 211 gold pieces.

Inventory:

Hand Weapons
 a - a +0 long sword (weapon)
Armour
 b - a +0 scale mail
 c - a +0 shield (worn)
 h - a +0 cloak (worn)
 i - a +2 helmet (worn)
 r - a +2 leather armour of poison resistance (worn)
Jewellery
 o - an uncursed ring of wizardry {unknown}
Wands
 q - a wand of digging (6)
Scrolls
 e - 2 scrolls of immolation {unknown}
 g - 2 scrolls of enchant armour {unknown}
 k - 5 scrolls of identify {unknown}
 n - a scroll of enchant weapon {unknown}
Potions
 d - a potion of might
 j - 2 potions of curing {unknown}
 l - 2 potions of haste {unknown}
 m - a potion of ambrosia {unknown}
 p - a potion of lignification {unknown}
 s - a potion of berserk rage {unknown}
Comestibles
 f - 8 rations


   Skills:
 + Level 3.9 Fighting
 * Level 3.8 Long Blades
 + Level 3.5 Armour
 + Level 3.6 Shields


You had 4 spell levels left.
You didn't know any spells.
Your spell library was empty.

Dungeon Overview and Level Annotations

Branches:
Dungeon (4/15)
 Temple: D:4-7

Altars:
Wu Jian

Annotations:
D:3 Grinder


Innate Abilities, Weirdness & Mutations

You have sharp fingernails.
You are partially covered in sharp spines.


Message History

You closely miss Grinder.
Grinder is lightly wounded.
Grinder hits you but does no damage.
You slash Grinder!
Grinder is heavily wounded.
Grinder hits you but does no damage.
You closely miss Grinder.
Grinder is heavily wounded.
Grinder is struck by your spines. Grinder hits you.
Grinder is struck by your spines. Grinder hits you.
You writhe in agony.
* * * LOW HITPOINT WARNING * * *
You barely miss Grinder.
Grinder is heavily wounded.
Grinder gestures at you.
You suddenly lose the ability to move!
Grinder says, "Wait up."
Grinder is struck by your spines. Grinder hits you!
* * * LOW HITPOINT WARNING * * *
You writhe in agony.
You die...

..........# #. #. .##
..........# #.# #. gg
..........####### #.#
#...............# #.#
#...............# #.# .
#††.............# #.######...
#...............# #..........
#...............###....###..
..[..........÷..@5.........>.
#.......).......###..(.#####.
...................#####
##########....).##.#
#......##.# #......##.#
#......##.# #......##.######
########................


You could see Grinder.

Vanquished Creatures
  Ijyb (D:3)
  Jessica (D:2)
  Robin (D:3)
  4 gnolls (D:2)
  6 adders
  An ooze (D:1)
  2 worms
  2 dart slugs
  2 leopard geckos
  3 orcs (D:3)
  2 ball pythons (D:3)
  7 bats
  2 giant cockroaches
  10 goblins
  9 hobgoblins
  3 jackals (D:1)
  12 kobolds
  4 frilled lizards
  13 rats
85 creatures vanquished.

Notes
Turn   | Place    | Note
-------+----------+-------------------------------------------
     0 | D:1      | BritishOli the Demonspawn Fighter began the quest for the
                  | Orb.
     0 | D:1      | Reached XP level 1. HP: 18/18 MP: 1/1
   188 | D:1      | Gained mutation: You have sharp fingernails. [demonic
                  | ancestry]
   188 | D:1      | Reached XP level 2. HP: 15/24 MP: 2/2
   638 | D:1      | Gained mutation: You are partially covered in sharp spines.
                  | [demonic ancestry]
   638 | D:1      | Reached XP level 3. HP: 29/29 MP: 3/3
   792 | D:2      | Noticed Jessica
  1154 | D:2      | Killed Jessica
  1154 | D:2      | Reached XP level 4. HP: 17/35 MP: 4/4
  1594 | D:2      | Reached XP level 5. HP: 21/42 MP: 5/5
  1846 | D:2      | Found an ornate altar of the Wu Jian Council.
  2027 | D:3      | Noticed Robin
  2202 | D:3      | Killed Robin
  2355 | D:3      | Noticed Ijyb
  2386 | D:3      | Killed Ijyb
  2808 | D:3      | Noticed Grinder
  2808 | D:3      | Paralysed by Grinder for 7 turns
  2817 | D:3      | Paralysed by Grinder for 4 turns
  2830 | D:3      | Paralysed by Grinder for 7 turns
  2831 | D:3      | Slain by Grinder

Levels and vault maps discovered:
D:1:      lemuel_arrival_river_ford, layout_basic
D:2:      layout_rooms, lemuel_crystal_altar, uniq_jessica
D:3:      layout_basic, uniq_ijyb, uniq_grinder, uniq_robin
D:4:      layout_basic, eat_drink_and_be_merry_uskayaw,
          minmay_temple_entry_grid, fedhas_altar_2

Skill      XL: |  1  2  3  4 |
---------------+-------------+-----
Long Blades    | 2 3 |  3.8
Armour         | 3 |  3.5
Shields        | 3 |  3.6
Fighting       | |  3.9

Action                   |  1- 3 |  4- 6 || total
-------------------------+-------+-------++-------
Melee: Long sword        |   111 |   156 ||   267
  Use: Potion            |       |     1 ||     1
  Eat: Chunk             |       |     7 ||     7
Armor: Scale mail        |    68 |    71 ||   139
       Leather armour    |       |    18 ||    18
Dodge: Dodged            |    34 |    62 ||    96
Block: Shield            |    50 |   106 ||   156
       Rpst.: Long sword |    11 |    15 ||    26

Table legend:
 A = Non-vault XP
 B = Vault XP
 C = Vault XP percentage of total XP
 D = Non-vault monster count
 E = Vault monster count
 F = Vault count percentage of total count
                 A         B        C        D         E       F
            +---------+---------+-------+---------+---------+-------
      Total |     251 |     112 |  30.9 |      72 |      13 |  15.3
            +---------+---------+-------+---------+---------+-------
        D:1 |      65 |       0 |   0.0 |      26 |       0 |   0.0
        D:2 |     109 |      43 |  28.3 |      29 |       4 |  12.1
        D:3 |      77 |      69 |  47.3 |      17 |       9 |  34.6
            +---------+---------+-------+---------+---------+-------
